 Dungeon Sprint DCSS version 0.30-a0-778-g2ef04afb54 (webtiles) character file.

Game seed: 13142734820984718805

30881 BigDaddyOpFi the End of an Era (level 13, -4/116 HPs)
             Began as a Demonspawn Fighter on Feb 16, 2023.
             Was the Champion of Qazlal.
             Slain by an apis (30 damage)
             ... in the Dungeon (Sprint VII: "The Pits").
             The game lasted 00:04:29 (3409 turns).

BigDaddyOpFi the End of an Era (Demonspawn Fighter) Turns: 3409, Time: 00:04:30

Health: -4/116     AC: 19    Str: 34    XL:     13   Next: 23%
Magic:  27/29      EV:  9    Int: 13    God:    Qazlal [******]
Gold:   30         SH: 15    Dex: 13    Spells: 12/12 levels left

rFire   . . .      SeeInvis .    q - +3 broad axe (heavy)
rCold   . . .      Faith    .    c - +0 buckler
rNeg    . . .      Spirit   .    l - +3 chain mail
rPois   .          Reflect  .    (helmet restricted)
rElec   +          Harm     .    o - +0 cloak
rCorr   +          Rampage  .    (no gloves)
Will    .....      NoTele   +    p - +0 pair of boots Stlth
                                 (no amulet)
HPRegen 0.39/turn                u - ring "Quavorawn" {Fly rElec rCorr Str+6 Int+4}
MPRegen 0.21/turn                x - +6 ring of strength

@: flying, repel missiles
A: claws 1, hooves 2, horns 1, spiny 1, demonic magic 2
a: Renounce Religion, Upheaval, Elemental Force, Disaster Area


You were in the Dungeon.
You worshipped Qazlal.
Qazlal was exalted by your worship.
You visited 1 branch You collected 30 gold pieces.

Inventory:

Hand Weapons
 q - a +3 heavy broad axe (weapon)
Armour
 c - a +0 buckler (worn)
 l - a +3 chain mail (worn)
 o - a +0 cloak (worn)
 p - a +0 pair of boots (worn)
Jewellery
 b - a +3 ring of dexterity
 d - a +3 ring of evasion
 r - a ring of positive energy
 u - the ring "Quavorawn" (left claw) {Fly rElec rCorr Str+6 Int+4}
   (You found it in the Dungeon)

   [ring of strength]

   Str:       It affects your strength (+6).
   Int:       It affects your intelligence (+4).
   rElec:     It insulates you from electricity.
   Fly:       It grants you flight.
   rCorr:     It protects you from acid and corrosion.
 w - a ring of positive energy
 x - a +6 ring of strength (right claw)
Scrolls
 j - 4 scrolls of blinking
 s - 5 scrolls of identify
 t - a scroll of fog
 v - a scroll of fear
Potions
 a - 2 potions of brilliance
 e - 6 potions of curing
 f - 12 potions of heal wounds
 g - 2 potions of haste
 h - 4 potions of magic
 i - 5 potions of berserk rage
 k - 2 potions of invisibility
 m - a potion of might
 n - 2 potions of resistance


   Skills:
 + Level 15.3 Fighting
 + Level 13.8 Axes
 + Level 13.9 Armour
 + Level 14.0 Shields
 * Level 25.9 Invocations


You had 12 spell levels left.
You didn't know any spells.
Your spell library contained the following spells:

 Spells                   Type           Power      Damage    Failure   Level
 Frozen Ramparts          Ice            0%         1d1       97%         3
 Ice Form                 Ice/Tmut       0%         N/A       100%        4
 Summon Ice Beast         Ice/Summ       0%         N/A       100%        4


Dungeon Overview and Level Annotations

Branches:
Dungeon (1/1)

Altars:
Ashenzari
Cheibriados
Dithmenos
Fedhas
Gozag
Hepliaklqana
Kikubaaqudgha
Makhleb
Nemelex Xobeh
Okawaru
Qazlal
Ru
Sif Muna
Trog
Uskayaw
Vehumet
Wu Jian
Xom
Yredelemnul
Jiyva
Lugonu


Innate Abilities, Weirdness & Mutations

You have sharp fingernails.
You have hoof-like feet.
You have a pair of small horns on your head.
You are partially covered in sharp spines.
Spells you cast may paralyse nearby enemies.


Message History

You chop the apis into pieces!!!
The apis is heavily wounded.
You cut the orc knight into ribbons!!!
The orc knight is struck by your spines.
The orc knight hits you with a +1 war axe!
The apis gores you.
* * * LOW HITPOINT WARNING * * *
The apis sears you!!
* * * LOW HITPOINT WARNING * * *
You feel much better. You block the apis's attack.
You block the orc knight's attack.
You feel much better. The apis gores you but does no damage.
The orc knight is engulfed in blazing flames.
The orc knight barely misses you.
You feel much better. You block the orc knight's attack.
The apis is struck by your spines. The apis closely misses you.
You hit the apis but do no damage. You headbutt the apis.
The apis is heavily wounded.
You slice the orc knight!!
You kill the orc knight!
Qazlal accepts your kill. The apis is struck by your spines.
The apis gores you but does no damage.
Your Shields skill increases to level 14!
You hit the apis but do no damage.
The apis is heavily wounded.
You slice the iron elemental!! You block the apis's attack.
The iron elemental gestures at you. The spray of metal splinters hits you!!
The apis gores you but does no damage.
You slash the apis! You headbutt the apis.
The apis is severely wounded.
You slice the iron elemental!!
You destroy the iron elemental!
Qazlal accepts your kill. The apis gores you but does no damage.
You hit the apis but do no damage.
The apis is severely wounded.
The apis gores you!!
* * * LOW HITPOINT WARNING * * *
The apis sears you!!
You die...

.# .# .+ .+ '#
'###############################+
..............°.○................
...)............§☼°.........†....
.##############'@##############..
.# #...).Y).# #†. .# #.#)§.)#.#
#.. .# ......[[[ .. #.. .# #
#[#...[#) .# #.. .# ....[..)).) #
#.. .# #.#.#).))#.#. #.. .#
.....[.).. .) #.. .# #..


You could see an apis.

Vanquished Creatures
  2 orc warlords (D)
  A stone giant (D)
  A green death (D)
  2 great orbs of eyes (D)
  A yaktaur captain (D)
  A deep elf high priest (D)
  A rakshasa (D)
  A vault guard (D)
  An iron elemental (D)
  A two-headed ogre (D)
  A naga warrior (D)
  A death yak (D)
  A sun demon (D)
  Sonja (D)
  A shadow wraith (D)
  2 deep elf knights (D)
  A sixfirhy (D)
  A flayed ghost (D)
  A sea snake (D)
  13 orc knights (D)
  2 deep elf pyromancers (D)
  A guardian serpent (shapeshifter) (D)
  A guardian serpent (D)
  2 eyes of devastation (D)
  Psyche (D)
  An orange demon (D)
  A gargoyle (D)
  3 yaktaurs (D)
  A freezing wraith (D)
  2 unseen horrors (D)
  A rime drake (D)
  2 ice devils (D)
  A red devil (D)
  A komodo dragon (D)
  A large abomination (D)
  2 tarantellas (D)
  9 blink frogs (D)
  4 dream sheep (D)
  2 shadows (D)
  An air elemental (D)
  A wyvern (D)
  A water elemental (D)
  A redback (D)
  3 yaks (D)
  A fire elemental (D)
  3 hell hounds (D)
  2 ice beasts (D)
  10 wolves (D)
  A small abomination (D)
  A centaur (D)
  A kobold brigand (D)
  2 phantoms (D)
  A scorpion (D)
  2 jellies (D)
  An orc priest (D)
  A gnoll bouda (D)
  A mummy (D)
  A river rat (D)
  An adder (D)
  4 gnolls (D)
  A worm (D)
  An orc (D)
  A bat simulacrum (D)
  A bat zombie (D)
  2 endoplasms (D)
  3 giant cockroaches (D)
  A goblin (D)
  A quokka (D)
  5 ball pythons (D)
  2 bats (D)
  A giant cockroach simulacrum (D)
  A jackal skeleton (D)
133 creatures vanquished.

Notes
Turn   | Place    | Note
-------+----------+-------------------------------------------
     0 | D        | BigDaddyOpFi the Demonspawn Fighter began the quest for the
                  | Orb.
     0 | D        | Reached XP level 1. HP: 18/18 MP: 1/1
    16 | D        | Found a bloodstained altar of Trog.
    16 | D        | Found a shimmering blue altar of Sif Muna.
    16 | D        | Found a viscous altar of Jiyva.
    16 | D        | Found a hazy altar of Hepliaklqana.
    16 | D        | Found an opulent altar of Gozag.
    17 | D        | Found a basalt altar of Yredelemnul.
    17 | D        | Found a shimmering altar of Xom.
    17 | D        | Found an ornate altar of the Wu Jian Council.
    17 | D        | Found a sacrificial altar of Ru.
    17 | D        | Found a stormy altar of Qazlal.
    17 | D        | Found an iron altar of Okawaru.
    17 | D        | Found a sparkling altar of Nemelex Xobeh.
    17 | D        | Found a burning altar of Makhleb.
    17 | D        | Found a blossoming altar of Fedhas.
    17 | D        | Found a shadowy altar of Dithmenos.
    17 | D        | Found a snail-covered altar of Cheibriados.
    18 | D        | Found a radiant altar of Vehumet.
    18 | D        | Found a corrupted altar of Lugonu.
    19 | D        | Found an ancient bone altar of Kikubaaqudgha.
    19 | D        | Found a hide-covered altar of Uskayaw.
    19 | D        | Found a broken altar of Ashenzari.
    22 | D        | Became a worshipper of Qazlal Stormbringer
    56 | D        | Reached skill level 2 in Invocations
    56 | D        | Gained mutation: You are partially covered in sharp spines.
                  | [demonic ancestry]
    56 | D        | Reached XP level 2. HP: 22/24 MP: 1/3
   186 | D        | Reached * piety under Qazlal
   195 | D        | Reached skill level 3 in Invocations
   195 | D        | Reached ** piety under Qazlal
   257 | D        | Noticed an ice beast
   273 | D        | Killed an ice beast
   273 | D        | Reached *** piety under Qazlal
   274 | D        | Reached skill level 6 in Invocations
   274 | D        | Discovered your monstrous ancestry.
   274 | D        | Gained mutation: You have sharp fingernails. [demonic
                  | ancestry]
   274 | D        | Reached XP level 3. HP: 31/31 MP: 4/7
   274 | D        | Reached XP level 4. HP: 38/38 MP: 5/9
   277 | D        | Noticed an ice beast
   287 | D        | Killed an ice beast
   287 | D        | Reached **** piety under Qazlal
   288 | D        | Reached skill level 5 in Fighting
   288 | D        | Reached skill level 5 in Shields
   288 | D        | Reached skill level 8 in Invocations
   288 | D        | Reached XP level 5. HP: 27/45 MP: 6/11
   499 | D        | Reached skill level 5 in Armour
   636 | D        | Noticed a redback
   645 | D        | Killed a redback
   646 | D        | Reached skill level 5 in Axes
   646 | D        | Reached skill level 10 in Invocations
   646 | D        | Reached XP level 6. HP: 40/53 MP: 11/13
   658 | D        | Reached ***** piety under Qazlal
   663 | D        | Noticed a komodo dragon
   664 | D        | Killed a komodo dragon
   665 | D        | Reached skill level 12 in Invocations
   665 | D        | Gained mutation: You have a pair of small horns on your
                  | head. [demonic ancestry]
   665 | D        | Reached XP level 7. HP: 57/60 MP: 5/16
   668 | D        | Killed a shadow wraith
   669 | D        | Reached skill level 13 in Invocations
   669 | D        | Reached XP level 8. HP: 25/68 MP: 6/18
  1107 | D        | Noticed Psyche
  1108 | D        | Killed Psyche
  1109 | D        | Reached skill level 14 in Invocations
  1294 | D        | Noticed a death yak
  1299 | D        | Killed a death yak
  1300 | D        | Reached skill level 15 in Invocations
  1300 | D        | Gained mutation: You have large cloven feet. [demonic
                  | ancestry]
  1300 | D        | Reached XP level 9. HP: 58/76 MP: 20/20
  1306 | D        | Reached skill level 16 in Invocations
  1309 | D        | Noticed an ice devil
  1312 | D        | Noticed an orc knight
  1326 | D        | Killed an ice devil
  1327 | D        | Reached skill level 10 in Fighting
  1327 | D        | Reached skill level 17 in Invocations
  1331 | D        | Killed an orc knight
  1331 | D        | Reached ****** piety under Qazlal
  1332 | D        | Gained mutation: You have hoof-like feet. [demonic
                  | ancestry]
  1332 | D        | Reached XP level 10. HP: 20/85 MP: 16/22
  1641 | D        | Reached skill level 18 in Invocations
  1641 | D        | Noticed a gargoyle
  1646 | D        | Killed a gargoyle
  1647 | D        | Reached skill level 10 in Armour
  1647 | D        | Reached skill level 10 in Shields
  1647 | D        | Noticed an orange demon
  1653 | D        | Killed an orange demon
  1654 | D        | Reached skill level 10 in Axes
  1654 | D        | Reached skill level 19 in Invocations
  1832 | D        | Noticed a deep elf pyromancer
  1833 | D        | Killed a deep elf pyromancer
  1902 | D        | Noticed a two-headed ogre
  1910 | D        | Killed a two-headed ogre
  1911 | D        | Reached skill level 20 in Invocations
  1911 | D        | Gained mutation: Spells you cast may paralyse adjacent
                  | enemies. [demonic ancestry]
  1911 | D        | Reached XP level 11. HP: 94/95 MP: 15/25
  2240 | D        | Noticed a rakshasa
  2249 | D        | Killed a rakshasa
  2250 | D        | Reached skill level 21 in Invocations
  2492 | D        | Noticed Sonja
  2500 | D        | Killed Sonja
  2853 | D        | Noticed a deep elf pyromancer
  2856 | D        | Killed a deep elf pyromancer
  2885 | D        | Noticed a flayed ghost
  2890 | D        | Killed a flayed ghost
  2891 | D        | Reached skill level 22 in Invocations
  3035 | D        | Noticed a sea snake
  3040 | D        | Killed a sea snake
  3096 | D        | Noticed a stone giant
  3096 | D        | Noticed a green death
  3096 | D        | Noticed a deep elf high priest
  3096 | D        | Noticed a sun demon
  3097 | D        | Killed a sun demon
  3097 | D        | Killed a deep elf high priest
  3097 | D        | Killed a sixfirhy
  3097 | D        | Killed a green death
  3097 | D        | Killed a stone giant
  3098 | D        | Reached skill level 23 in Invocations
  3098 | D        | Reached XP level 12. HP: 106/106 MP: 18/27
  3306 | D        | Got the ring "Quavorawn" {Fly rElec rCorr Str+6 Int+4}
  3347 | D        | Noticed a great orb of eyes
  3347 | D        | Noticed a vault guard
  3348 | D        | Noticed an orc warlord
  3349 | D        | Noticed a yaktaur captain
  3350 | D        | Noticed an orc warlord
  3351 | D        | Noticed a naga warrior
  3352 | D        | Killed a naga warrior
  3352 | D        | Killed a yaktaur captain
  3352 | D        | Killed an orc warlord
  3352 | D        | Killed a vault guard
  3352 | D        | Killed an orc warlord
  3352 | D        | Noticed an iron elemental
  3353 | D        | Reached skill level 25 in Invocations
  3353 | D        | Gained mutation: Spells you cast may paralyse nearby
                  | enemies. [demonic ancestry]
  3353 | D        | Reached XP level 13. HP: 112/114 MP: 19/29
  3354 | D        | Reached skill level 15 in Fighting
  3401 | D        | Noticed an apis
  3402 | D        | HP: 4/116 [apis (30)]
  3409 | D        | Slain by an apis

Illustrated notes

Levels and vault maps discovered:
D:        pitsprint [storerooms_1, entrance_room_1, metal_vault_1, armoury_3,
          mini_pit_1, grid_room_1, main_hall_1, silver_pit, the_coven_1,
          the_vestibule_1, steel_vault_5, golden_pit, hallway_of_sentries,
          crystal_vault_3, iron_vault_3, final_vault]

Skill      XL: |  1  2  3  4  5  6  7  8  9 10 11 12 13 |
---------------+----------------------------------------+-----
Axes           | 2 3 4 5 6 7 8 9 10 12 13 | 13.8
Armour         | 3 4 5 6 7 8 9 10 12 13 | 13.9
Shields        | 3 4 5 6 7 8 9 11 12 13 14 | 14.0
Invocations    | 2 6 8 10 12 13 15 17 20 23 25 | 25.9
Fighting       | 4 5 6 7 8 9 10 12 13 14 15 | 15.3

Action                     |  1- 3 |  4- 6 |  7- 9 | 10-12 | 13-15 || total
---------------------------+-------+-------+-------+-------+-------++-------
  Melee: War axe           |    28 |    32 |     2 |       |       ||    62
         Broad axe         |       |       |    26 |    50 |    11 ||    87
         Headbutt          |       |       |     5 |     7 |     3 ||    15
 Invoke: Disaster Area     |       |     1 |     2 |     7 |     1 ||    11
         Upheaval          |       |       |     1 |       |       ||     1
    Use: Potion            |       |     6 |     1 |       |     3 ||    10
         Scroll            |       |       |       |     2 |       ||     2
 Armour: Scale mail        |    13 |       |       |       |       ||    13
         Chain mail        |     8 |     9 |    15 |    29 |     4 ||    65
  Dodge: Dodged            |    16 |     8 |    18 |    31 |     4 ||    77
         Repelled          |       |       |       |       |     1 ||     1
  Block: Buckler           |     9 |    10 |    20 |    54 |     7 ||   100

Table legend: (Time is in decaauts)
 A = Elapsed time spent in this place.
 B = Non-inter-level travel time spent in this place.
 C = Inter-level travel time spent in this place.
 D = Time resting spent in this place.
 E = Time spent auto-exploring this place.
 F = Levels seen in this place.
 G = Mean time per level.
                   A        B        C        D        E       F      G
               +--------+--------+--------+--------+--------+-----+--------+
         Total |   3508 |   3442 |     66 |   2590 |      0 |   1 | 3508.0 |
       Dungeon |   3508 |   3442 |     66 |   2590 |      0 |   1 | 3508.0 |
               +--------+--------+--------+--------+--------+-----+--------+

Top non-repeatable levels by time:
       D: 3508 daAuts
